 Dungeon Crawl Stone Soup version 0.22-a0-407-gb098539 (webtiles) character file.

8 dstrtnsr the Chopper (level 2, 0/40 HPs)
             Began as a Minotaur Berserker on May 9, 2018.
             Was a Follower of Trog.
             Slain by a kobold
             ... wielding a +3 short sword of draining
              (4 damage)
             ... on level 1 of the Dungeon.
             The game lasted 00:00:14 (251 turns).

dstrtnsr the Chopper (Minotaur Berserker)            Turns: 251, Time: 00:00:14

Health: 0/40       AC:  2    Str: 26    XL:     2   Next: 0%
Magic:  1/1        EV: 12    Int:  4    God:    Trog [*.....]
Gold:   17         SH:  0    Dex:  9    Spells: 1/1 levels left

rFire    . . .     SeeInvis .   a - +0 hand axe
rCold    . . .     Gourm    .   (no shield)
rNeg     . . .     Faith    .   b - +0 animal skin
rPois    .         Spirit   .   (helmet restricted)
rElec    .         Reflect  .   (no cloak)
rCorr    .         Harm     .   (no gloves)
MR       .....                  (no boots)
Stlth    ..........             (no amulet)
HPRegen  0.13/turn              (no ring)
MPRegen  0.07/turn              (no ring)

@: berserking, drained, very quick
A: retaliatory headbutt, horns 2
a: Berserk, Renounce Religion


You were on level 1 of the Dungeon.
You worshipped Trog.
Trog was aware of your devotion.
You were not hungry.

You visited 1 branch of the dungeon, and saw 1 of its levels.

You collected 17 gold pieces.

Inventory:

Hand Weapons
 a - a +0 hand axe (weapon)
Armour
 b - a +0 animal skin (worn)
Scrolls
 c - a scroll of amnesia {unknown}
Comestibles
 d - 5 chunks of flesh
 e - a ration {!d}


   Skills:
 + Level 3.8(3.0) Fighting
 * Level 4.1(3.3) Axes
 - Level 2.4(1.6) Armour
 - Level 2.1(1.3) Dodging


You had one spell level left.
You didn't know any spells.

Dungeon Overview and Level Annotations

Branches:
Dungeon (1/15)

Altars:


Innate Abilities, Weirdness & Mutations

You reflexively headbutt those who attack you in melee.
You have a pair of horns on your head.


Message History

Trog accepts your kill.
A giant cockroach comes into view.
A giant cockroach is nearby!
A giant cockroach is nearby!
A giant cockroach is nearby!
A giant cockroach is nearby!
The giant cockroach bites you but does no damage.
You hit the giant cockroach.
Your headbutt misses the giant cockroach.
The giant cockroach is almost dead.
The giant cockroach barely misses you.
The giant cockroach bites you but does no damage.
You slash the giant cockroach!
You kill the giant cockroach!
Trog accepts your kill.
Your Axes skill increases to level 4!
No target in view!
No target in view!
No target in view!
You butcher the giant cockroach corpse.
d - 2 chunks of flesh You open the door.
A goblin comes into view.
Found 12 gold pieces.
The goblin shouts!
The goblin hits you.
There is an open door here.
A goblin is nearby!
You barely miss the goblin. The goblin hits you.
A goblin is nearby!
A goblin is nearby!
You closely miss the goblin.
You kill the goblin!
Trog accepts your kill.
Key pressed, stopping explore.
No target in view!
No target in view!
A frilled lizard comes into view.
Found 10 stones.
You see here a goblin corpse.
You closely miss the frilled lizard.
Your headbutt misses the frilled lizard.
The frilled lizard closely misses you.
You hit the frilled lizard.
You kill the frilled lizard!
Trog accepts your kill.
No target in view!
Key pressed, stopping explore.
No target in view!
No target in view!
You butcher the goblin corpse.
d - 5 chunks of flesh (gained 3)
You see here a goblin skeleton. x2
Key pressed, stopping explore.
No target in view!
No target in view!
A goblin comes into view. It is wielding a club.
The goblin shouts!
You see here 12 gold pieces.
A goblin is nearby!
A goblin is nearby!
Found a stone staircase leading down.
A goblin is nearby!
You hit the goblin.
You kill the goblin!
Trog accepts your kill.
You have reached level 2!
You now have 17 gold pieces (gained 12).
A kobold comes into view.
It is wielding a short sword of draining.
The kobold shouts!
The kobold throws a stone.
The stone hits you.
You see here a stone.
An ooze comes into view.
Found a scroll labeled ZYNALE POBUGIP.
Things that are here:
a club; a goblin corpse
Found an escape hatch in the floor.
You closely miss the kobold. Your headbutt misses the kobold.
The kobold hits you with a short sword of draining.
You feel drained.
You barely miss the kobold.
The kobold hits you with a short sword of draining.
You feel drained.
You hit the ooze.
The ooze is moderately wounded.
You closely miss the kobold.
The kobold hits you with a short sword of draining.
* * * LOW HITPOINT WARNING * * *
You feel drained.
* * * LOW HITPOINT WARNING * * *
The ooze hits you.
* * * LOW HITPOINT WARNING * * *
You are too injured to fight recklessly!
You are too injured to fight recklessly!
You are too injured to fight recklessly!
Unknown command.
A red film seems to cover your vision as you go berserk!
You feel yourself moving faster!
You feel mighty!
You feel a lot more hungry.
The kobold hits you with a short sword of draining.
You die...

###### #.........
#.....##.........
#...............>
................
#............?. ####
#..............
....##.......J......
...+....()@K...>..
##.#..............
#.................
#######+#......######...
.............#.# ..
...........#.#+# .
...........#...
.......รท...#.....
..(.##'###.#......


You could see an ooze and a kobold.

Vanquished Creatures
  A dart slug (D:1)
  A giant cockroach (D:1)
  A hobgoblin (D:1)
  A frilled lizard (D:1)
  2 goblins (D:1)
  A rat (D:1)
7 creatures vanquished.

Notes
Turn   | Place    | Note
-------+----------+-------------------------------------------
     0 | D:1      | dstrtnsr the Minotaur Berserker began the quest for the Orb.
     0 | D:1      | Reached XP level 1. HP: 19/19 MP: 0/0
   140 | D:1      | Reached skill level 4 in Axes
   240 | D:1      | Reached XP level 2. HP: 27/27 MP: 1/1
   250 | D:1      | HP: 8/27 [kobold/short sword of draining (5)]
   250 | D:1      | HP: 3/27 [ooze (3)]
   251 | D:1      | Slain by a kobold

Vault maps used:
D:1:      giann_wishing_wells

Skill      XL: |  1 |
---------------+----+-----
Axes           | 4 |  4.1
Fighting       | |  3.8
Armour         | |  2.4
Dodging        | |  2.1

Action                   || total
-------------------------++-------
Melee: Hand axe          ||    20
       Headbutt          ||     3
Invok: Berserk           ||     1
Armor: Animal skin       ||     3
Dodge: Dodged            ||     5

Table legend:
 A = Spawn XP
 B = Non-spawn XP
 C = Spawn XP percentage of total XP
 D = Spawn monster count
 E = Non-spawn monster count
 F = Spawn count percentage of total count
 G = Total turns spent on level
                    A         B        C        D         E        F      G
               +---------+---------+-------+---------+---------+-------+---------
         Total |       0 |      12 |   0.0 |       0 |       7 |   0.0 |   251
               +---------+---------+-------+---------+---------+-------+---------
           D:1 |       0 |      12 |   0.0 |       0 |       7 |   0.0 |   251
               +---------+---------+-------+---------+---------+-------+---------
